 Dungeon Crawl Stone Soup version 0.20-a0-839-gdaf5c57 (webtiles) character file.

2095 4thArraOfDagon the Ruffian (level 8, -4/66 (67) HPs)
             Began as a Demigod Wanderer on Mar 8, 2017.
             Killed from afar by Psyche (9 damage)
             ... with a puff of flame
             ... while paralysed by Psyche
             ... on level 8 of the Dungeon.
             The game lasted 00:16:39 (5142 turns).

4thArraOfDagon the Ruffian (Demigod Wanderer)       Turns: 5142, Time: 00:16:39

HP:   -4/66 (67)    AC:  6    Str: 18    XL:     8   Next: 79%
MP:   18/18         EV:  2    Int: 19    God:
Gold: 240           SH:  0    Dex: 15    Spells: 7/16 levels left

rFire    . . .     SeeInvis .     - Unarmed
rCold    . . .     Gourm    .   w - +0 ring mail
rNeg     . . .     Faith    .   (no shield)
rPois    .         Spirit   .   (no helmet)
rElec    .         Reflect  .   (no cloak)
rCorr    +         Harm     .   y - +0 pair of gloves
MR       .....                  (no boots)
Stlth    +.........             (no amulet)
Regen    0.3/turn               p - ring of resist corrosion
MPRegen  0.2/turn               m - +2 ring of strength

@: paralysed
A: hooves 1, repulsion field 1, high mp 1
a: no special abilities


You were on level 8 of the Dungeon.
You were not hungry.

You visited 1 branch of the dungeon, and saw 10 of its levels.

You collected 240 gold pieces.

Inventory:

Hand Weapons
 e - a +0 club
 r - a +0 hand axe
 u - a +0 dagger of venom
Armour
 d - a +0 robe
 g - a +0 ring mail
 o - a +1 scale mail
 w - a +0 ring mail (worn)
 y - a +0 pair of gloves (worn)
Jewellery
 m - a +2 ring of strength (left hand)
 p - a ring of resist corrosion (right hand)
Scrolls
 b - a scroll of silence {unknown}
 k - 3 scrolls of remove curse
 l - 2 scrolls of amnesia
 q - 2 scrolls of fear
 s - a scroll of blinking {unknown}
 v - a scroll of identify
 x - a scroll of magic mapping
 A - a scroll of teleportation {unknown}
Potions
 c - 3 potions of curing
 i - a potion of haste
 n - 2 potions of cancellation
Books
 a - a book of Minor Magic

   Spells                             Type                      Level
   a - Magic Dart                     Conjuration                  1
   b - Blink                          Translocation                2
   c - Call Imp                       Summoning                    2
   d - Slow                           Hexes                        2
   e - Conjure Flame                  Conjuration/Fire             3
   f - Mephitic Cloud                 Conjuration/Poison/Air       3
 h - a book of Changes

   Spells                             Type                      Level
   a - Beastly Appendage              Transmutation                1
   b - Sticks to Snakes               Transmutation                2
   c - Spider Form                    Transmutation/Poison         3
   d - Ice Form                       Ice/Transmutation            4
   e - Blade Hands                    Transmutation                5
 t - a book of the Warp

   Spells                             Type                      Level
   a - Gell's Gravitas                Translocation                3
   b - Portal Projectile              Hexes/Translocation          3
   c - Force Lance                    Conjuration/Translocation    4
   d - Dispersal                      Translocation                6
   e - Controlled Blink               Translocation                8
   f - Disjunction                    Translocation                8
Comestibles
 f - 5 bread rations
 j - a meat ration


   Skills:
 - Level 4.4 Fighting
   Level 1.0 Staves
 - Level 1.0 Dodging
 - Level 1.0 Stealth
 * Level 7.6 Unarmed Combat
 + Level 4.7 Spellcasting
   Level 1.7 Hexes
 * Level 4.3 Transmutations
   Level 1.0 Evocations


You had 7 spell levels left.
You knew the following spells:

 Your Spells              Type           Power        Failure   Level  Hunger
a - Ice Form              Ice/Tmut       ##......     90%         4    ####...
b - Blade Hands           Tmut           ###.......   90%         5    ######.


Dungeon Overview and Level Annotations

Branches:
Dungeon (10/15)            Temple (0/1) D:4
   Lair: D:8-11         Orc: D:9-12

Annotations:
D:3 Terence
D:4 Morrissey's ghost, amateur MiFi
D:8 Psyche


Innate Abilities, Weirdness & Mutations

You have an increased reservoir of magic. (+10% MP)
You have large cloven feet.
You are surrounded by a mild repulsion field. (EV +2)


Message History

Cast which spell? (? or * to list)
You don't know that spell.
Unknown command.
Unknown command.
Psyche the Insane Magess comes into view.
She is wielding a dagger of distortion.
Psyche shouts!
Psyche zaps a wand.
You easily resist.
It is a wand of paralysis (?/24).
Unknown command.
Psyche points at you and mumbles some strange words.
The puff of flame hits you!
Unknown command.
Psyche zaps a wand.
You suddenly lose the ability to move!
The two-headed ogre hits you with a giant club!
The two-headed ogre hits you with a giant club.
The two-headed ogre hits you with a giant club!!
* * * LOW HITPOINT WARNING * * *
The two-headed ogre hits you but does no damage.
Psyche points at you and mumbles some strange words.
The puff of flame hits you!
You die...

##### ....# .....#
.....# ## #....# ##.
##....#### #..
#......... #..
#@...@.... ..
#O........ ## #.
##.##.##.
#%..##'#####.#####.##
?...................#
....................+
....................#
..............>.....#
....................#


You could see a two-headed ogre and Psyche.

Vanquished Creatures
  A hungry ghost (D:9)
  A water moccasin (D:6)
  A black bear (D:7)
  A sky beast (D:6)
  A phantom (D:7)
  An ice beast (D:9)
  2 necrophages
  3 ogres
  A centaur (D:9)
  A big kobold (D:10)
  3 bullfrogs
  2 howler monkeys
  A crimson imp (D:6)
  A quasit (D:5)
  A bullfrog zombie (D:7)
  2 hounds
  An orc priest (D:7)
  A bullfrog skeleton (D:7)
  A jelly (D:7)
  An orc wizard (D:9)
  2 centaur skeletons
  6 worker ants
  A hound zombie (D:6)
  2 hound skeletons
  3 adders
  A river rat (D:4)
  2 shadow imps
  An adder skeleton (D:7)
  A worm (D:2)
  3 dart slugs
  5 leopard geckos
  5 orcs
  5 bats
  7 giant cockroaches
  6 goblins
  3 hobgoblins
  12 jackals
  2 quokkas
  A ball python (D:2)
  7 frilled lizards
  16 kobolds
  A quokka skeleton (D:8)
  6 rats
125 creatures vanquished.

Notes
Turn   | Place    | Note
-------+----------+-------------------------------------------
     0 | D:1      | 4thArraOfDagon the Demigod Wanderer began the quest for the Orb.
     0 | D:1      | 4thArraOfDagon set off with: a book of Minor Magic, a potion of lignification, a potion of curing, a +0 robe, a +0 club, a bread ration
     0 | D:1      | Reached XP level 1. HP: 16/16 MP: 6/6
   266 | D:2      | Found a basalt altar of Yredelemnul.
   296 | D:2      | Reached XP level 2. HP: 9/24 MP: 8/8
   435 | D:4      | Noticed a howler monkey
   436 | D:4      | Noticed an ogre
   437 | D:5      | Entered Level 5 of the Dungeon
   510 | D:5      | Noticed a necrophage
   523 | D:5      | Killed a necrophage
   523 | D:5      | Reached XP level 3. HP: 11/30 MP: 9/9
   523 | D:5      | Reached XP level 4. HP: 14/37 MP: 10/10
  1015 | D:6      | Noticed a sky beast
  1023 | D:7      | Learned a level 4 spell: Ice Form
  1052 | D:7      | Noticed a hungry ghost
  1070 | D:6      | Noticed a water moccasin
  1156 | D:6      | Reached skill level 1 in Unarmed Combat
  1161 | D:6      | Reached XP level 5. HP: 47/47 MP: 11/11
  1172 | D:6      | Killed a water moccasin
  1172 | D:6      | Reached skill level 3 in Unarmed Combat
  1215 | D:6      | Reached XP level 6. HP: 29/53 MP: 13/13
  1322 | D:4      | Noticed Morrissey's ghost (amateur MiFi)
  1457 | D:3      | Noticed a dagger
  1458 | D:3      | Noticed a dagger
  1481 | D:2      | Learned a level 5 spell: Blade Hands
  1732 | D:2      | Found a bloodstained altar of Trog.
  1918 | D:3      | Found a hide-covered altar of Uskayaw.
  2012 | D:4      | Gained mutation: You are surrounded by a mild repulsion field. (EV +2) [potion of mutation]
  2012 | D:4      | Gained mutation: You have large cloven feet. [potion of mutation]
  2012 | D:4      | Gained mutation: You are robust. (+10% HP) [potion of mutation]
  2023 | D:4      | Found a staircase to the Ecumenical Temple.
  2102 | D:3      | Noticed Terence
  2310 | D:5      | Reached skill level 4 in Unarmed Combat
  2388 | D:5      | Reached skill level 1 in Transmutations
  2553 | D:7      | Lost mutation: You have large cloven feet. [potion of mutation]
  2553 | D:7      | Lost mutation: You are robust. (+10% HP) [potion of mutation]
  2553 | D:7      | Lost mutation: You are surrounded by a mild repulsion field. (EV +2) [potion of mutation]
  2553 | D:7      | Gained mutation: You are occasionally teleported next to monsters. [potion of mutation]
  2553 | D:7      | Gained mutation: You are dopey. (Int -2) [potion of mutation]
  2553 | D:7      | Gained mutation: You are partially covered in large bone plates. (SH +4) [potion of mutation]
  2739 | D:7      | Reached XP level 7. HP: 48/60 MP: 15/15
  2913 | D:7      | Reached skill level 5 in Unarmed Combat
  3106 | D:7      | Found an iron altar of Okawaru.
  3117 | D:7      | Lost mutation: You are occasionally teleported next to monsters. [potion of mutation]
  3117 | D:7      | Lost mutation: You are dopey. (Int -2) [potion of mutation]
  3117 | D:7      | Lost mutation: You are partially covered in large bone plates. (SH +4) [potion of mutation]
  3117 | D:7      | Gained mutation: You are surrounded by a mild repulsion field. (EV +2) [potion of mutation]
  3117 | D:7      | Gained mutation: You have large cloven feet. [potion of mutation]
  3730 | D:7      | Reached skill level 6 in Unarmed Combat
  3760 | D:7      | Reached XP level 8. HP: 27/67 MP: 17/17
  4423 | D:7      | Noticed a two-headed ogre
  4504 | D:8      | Noticed a death yak
  4541 | D:10     | Entered Level 10 of the Dungeon
  4565 | D:10     | Reached skill level 7 in Unarmed Combat
  5132 | D:8      | Noticed a two-headed ogre
  5138 | D:8      | Noticed Psyche
  5140 | D:8      | Paralysed by Psyche for 6 turns
  5142 | D:8      | Killed from afar by Psyche

Vault maps used:
D:1:      dpeg_arrival_three_smaller_balls
D:2:      yredelemnul_altar_generic, old_standard_altar
D:3:      dancing_weapons_uskayaw, st_stairs_6, minmay_vboxes, uniq_terence,
          uniq_grinder
D:4:      temple_fountains, gup_sewer_entry_spiral, first_bread
D:5:      marbit_many_paths
D:6:      lightli_temple_of_fire, lemuel_coloured_pillars_altar, serial_shops,
          shop
D:7:      okawaru_gym_becter
D:8:      dpeg_lair_monsters, uniq_psyche
D:9:      minmay_orc_entry_guard_dogs, serial_shops, nicolae_shop_crystal,
          hangedman_fish_farm

Skill      XL: |  1  2  3  4  5  6  7  8 |
---------------+-------------------------+-----
Fighting       | 2 4 |  4.4
Unarmed Combat | 1 3 4 6 7 |  7.6
Spellcasting   | 3 4 |  4.7
Transmutations | 1 3 4 |  4.3
Staves         | |  1.0
Dodging        | |  1.0
Stealth        | |  1.0
Hexes          | |  1.7
Evocations     | |  1.0

Action                   |  1- 3 |  4- 6 |  7- 9 || total
-------------------------+-------+-------+-------++-------
Melee: Club              |    74 |    25 |       ||    99
       Hand axe          |    14 |    20 |       ||    34
       Unarmed           |       |   455 |   272 ||   727
       Kick              |       |    26 |    57 ||    83
       Punch             |       |     4 |     5 ||     9
  Use: Potion            |       |     9 |     3 ||    12
       Scroll            |       |     8 |       ||     8
 Stab: Sleeping          |     1 |       |       ||     1
  Eat: Meat ration       |       |     1 |     1 ||     2
       Royal jelly       |       |     1 |       ||     1
       Chunk             |       |       |     8 ||     8
Armor: Ring mail         |    28 |       |    62 ||    90
       Scale mail        |     5 |   304 |     7 ||   316
       Skin              |       |   130 |     5 ||   135
Dodge: Dodged            |    48 |   326 |   119 ||   493
Block: Other             |       |     3 |     8 ||    11
